AoeStats
← Ohh Madison :P

Arena

509465594Analyzed
4v4 RM · 5d ago on Sep 26, 2026· 77m 58s· 8 players
Game mode
Random Map
Map size
Large (8 player)
Population
200
Speed
Normal
Resources
Standard
Victory
Conquest
Starting age
Dark Age
Ending age
Imperial Age
RankedLock teamsTeams togetherTeam positionsShared explorationLock speedFull tech treeHidden civsTurbo modeCheats
Victory
Defeat
🇩🇪 Turks · Germany
1151
+10
🇩🇪 Bohemians · Germany
1129
+11
🇩🇪 Varangians · Germany
1098
+12
🇩🇪 Tatars · Germany
963
+19
🇹🇷 Britons · Türkiye
1070
-15
🇹🇷 Byzantines · Türkiye
1048
-14
🇹🇷 Wei · Türkiye
1029
-13
🇹🇷 Burgundians · Türkiye
930
-32
Kampfschafadmiral
10:25 Feudal Age
15:21 Castle Age
13:26 Double-Bit Axe
14:20 Horse Collar
16:39 Bow Saw
17:39 Heavy Plow
17:59 Fervor
28:38 Imperial Age
28:12 Chemistry
34:55 Pikeman
36:08 Halberdier
38:19 Sanctity
38:20 Scale Mail Armor
44:12 Chain Mail Armor
44:07 Forging
45:53 Plate Mail Armor
47:28 Wheelbarrow
46:42 Loom
49:37 Ballistics
49:23 Siege Engineers
53:20 Squires
53:48 Fletching
54:00 Padded Archer Armor
54:50 Bodkin Arrow
58:41 Leather Archer Armor
58:58 Elite Skirmisher
59:46 Bracer
60:17 Ring Archer Armor
62:42 Iron Casting
77:12 Hussite Reforms
77:28 Conscription
Ohh Madison :P
10:36 Feudal Age
14:18 Castle Age
12:27 Double-Bit Axe
12:36 Horse Collar
18:03 Bow Saw
25:21 Fletching
35:23 Imperial Age
35:13 Husbandry
38:14 Wheelbarrow
38:23 Scale Mail Armor
38:30 Scale Barding Armor
38:36 Forging
39:24 Gold Mining
40:30 Chain Barding Armor
40:51 Elite Varangian Guard
45:12 Hand Cart
45:33 Arson
45:49 Squires
45:51 Scale Mail Armor
46:29 Plate Barding Armor
48:23 Chain Mail Armor
48:44 Iron Casting
53:25 Plate Mail Armor
53:56 Blast Furnace
53:53 Elite Jarl
56:23 Bloodlines
58:54 Vendel Legacy
60:57 Bodkin Arrow
63:14 Gothikon
DS
11:12 Feudal Age
14:59 Castle Age
13:13 Double-Bit Axe
13:10 Horse Collar
15:07 Fletching
22:07 Wheelbarrow
23:31 Bow Saw
23:32 Heavy Plow
25:24 Bodkin Arrow
26:50 Padded Archer Armor
26:57 Scale Barding Armor
27:24 Forging
28:01 Bloodlines
28:22 Husbandry
28:42 Loom
29:37 Leather Archer Armor
31:45 Thumb Ring
34:57 Imperial Age
32:43 Hand Cart
33:28 Ballistics
33:44 Chain Barding Armor
34:00 Iron Casting
35:19 Masonry
35:02 Town Watch
34:59 Heavy Cavalry Archer
36:05 Parthian Tactics
35:58 Guilds
35:52 Capped Ram
37:04 Conscription
37:06 Sipahi
37:30 Architecture
38:02 Coinage
37:50 Bracer
38:28 Town Patrol
39:30 Blast Furnace
39:19 Heavy Camel Rider
42:09 Plate Barding Armor
42:05 Ring Archer Armor
43:38 Capped Ram
45:46 Banking
46:23 Scale Mail Armor
48:27 Gold Mining
48:46 Siege Ram
51:02 Chain Mail Armor
63:58 Gold Shaft Mining
76:51 Artillery
Philister
2:58 Loom
11:22 Feudal Age
19:03 Castle Age
16:51 Horse Collar
17:04 Horse Collar
17:20 Gold Mining
17:18 Double-Bit Axe
19:14 Fletching
19:35 Forging
19:52 Scale Barding Armor
21:39 Heavy Plow
21:52 Husbandry
22:25 Bloodlines
25:27 Wheelbarrow
26:47 Hand Cart
28:31 Iron Casting
28:37 Chain Barding Armor
28:25 Town Watch
31:34 Pikeman
32:15 Squires
34:05 Bodkin Arrow
36:54 Arson
38:13 Gold Shaft Mining
38:03 Stone Mining
41:24 Imperial Age
39:29 Scale Mail Armor
40:47 Town Patrol
41:04 Bow Saw
43:36 Plate Barding Armor
44:46 Blast Furnace
43:13 Halberdier
46:36 Crop Rotation
46:10 Bracer
47:24 Chemistry
46:45 Ballistics
46:16 Heated Shot
46:06 Treadmill Crane
46:37 Masonry
46:24 Murder Holes
46:38 Heavy Camel Rider
46:39 Elite Steppe Lancer
51:34 Padded Archer Armor
55:40 Silk Armor
55:53 Timurid Siegecraft
55:13 Sappers
56:04 Conscription
56:41 Elite Keshik
Janissary
10:54 Feudal Age
14:43 Castle Age
15:42 Double-Bit Axe
22:01 Imperial Age
19:40 Horse Collar
20:52 Bow Saw
21:33 Heavy Plow
27:31 Two-Man Saw
32:02 Scale Mail Armor
32:12 Forging
32:09 Scale Barding Armor
34:46 Wheelbarrow
34:49 Iron Casting
36:38 Gold Mining
36:56 Squires
36:17 Pikeman
37:26 Fortified Wall
37:54 Chain Mail Armor
37:40 Arson
38:11 Capped Ram
41:48 Plate Mail Armor
43:05 Siege Ram
44:56 Chemistry
44:39 Gambesons
46:31 Conscription
46:36 Halberdier
47:22 Husbandry
48:09 Chain Barding Armor
Alp_Arslan
10:53 Feudal Age
11:50 Double-Bit Axe
14:31 Castle Age
14:45 Fletching
14:34 Crossbowman
15:09 Loom
15:53 Bodkin Arrow
16:35 Padded Archer Armor
18:46 Leather Archer Armor
19:40 Horse Collar
25:01 Heavy Plow
27:45 Bow Saw
30:22 Wheelbarrow
32:34 Hand Cart
38:24 Imperial Age
37:15 Town Watch
38:05 Yeomen
37:53 Gold Mining
37:57 Gambesons
38:13 Squires
37:58 Arson
38:30 Forging
38:21 Scale Mail Armor
39:00 Ballistics
39:28 Bracer
39:59 Ring Archer Armor
42:48 Chemistry
42:11 Clinker Construction
41:28 Arbalester
43:41 Siege Engineers
44:53 Iron Casting
44:35 Chain Mail Armor
44:00 Pikeman
46:58 Blast Furnace
47:09 Two-Man Saw
46:00 Treadmill Crane
46:00 Pikeman
46:52 Halberdier
48:05 Plate Mail Armor
50:51 Conscription
51:00 Guilds
50:51 Caravan
51:45 Elite Skirmisher
58:00 Town Patrol
58:21 Fortified Wall
58:08 Murder Holes
58:24 Fortified Wall
Bozo_06
11:59 Feudal Age
10:23 Loom
15:36 Castle Age
13:53 Double-Bit Axe
15:12 Horse Collar
16:08 Gold Mining
17:06 Stone Mining
21:52 Wheelbarrow
22:22 Bow Saw
23:39 Hand Cart
23:37 Heavy Plow
24:01 Forging
25:13 Scale Barding Armor
25:40 Tuntian
25:54 Scale Mail Armor
25:49 Light Cavalry
27:06 Bloodlines
28:11 Husbandry
28:50 Chain Barding Armor
28:46 Chain Mail Armor
30:31 Iron Casting
30:57 Gold Shaft Mining
31:01 Stone Shaft Mining
34:42 Imperial Age
32:30 Fletching
32:41 Padded Archer Armor
34:33 Thumb Ring
34:50 Hussar
38:04 Parthian Tactics
39:19 Sanctity
40:09 Crop Rotation
42:58 Chemistry
42:19 Ballistics
43:02 Blast Furnace
41:57 Bodkin Arrow
42:18 Leather Archer Armor
43:23 Fervor
45:05 Murder Holes
44:51 Treadmill Crane
45:21 Masonry
46:03 Heated Shot
46:24 Fortified Wall
47:11 Ming Guang Armor
47:24 Hoardings
47:10 Conscription
48:48 Elite Tiger Cavalry
76:32 Caravan
77:16 Ring Archer Armor
76:47 Bracer
Gazel
12:08 Feudal Age
16:28 Castle Age
14:48 Double-Bit Axe
16:20 Bow Saw
17:33 Loom
18:28 Wheelbarrow
22:07 Hand Cart
21:46 Cavalier
23:56 Two-Man Saw
22:45 Horse Collar
23:52 Husbandry
24:36 Heavy Plow
24:58 Forging
27:04 Scale Barding Armor
28:11 Chain Barding Armor
28:46 Crop Rotation
28:59 Gold Mining
29:47 Man-at-Arms
32:38 Iron Casting
32:07 Scale Mail Armor
33:07 Gold Shaft Mining
32:34 Stone Mining
36:58 Imperial Age
36:31 Burgundian Vineyards
37:38 Paladin
39:28 Stone Shaft Mining
39:55 Chemistry
39:16 Ballistics
38:37 Treadmill Crane
42:02 Conscription
43:07 Plate Barding Armor
43:58 Blast Furnace
44:47 Pikeman
45:23 Arson
45:41 Squires
46:06 Halberdier
50:37 Chain Mail Armor
58:47 Plate Mail Armor
58:39 Elite Skirmisher
73:00 Flemish Revolution
Connection lost

Rejoining the realm…

Still unreachable

The connection could not be restored.

Session expired

The server has moved on; the page needs a fresh start.